 Dungeon Crawl Stone Soup version 0.30-a0-311-gf115ab0292 (webtiles) character file.

Game seed: 1928073872331884896

890 IdlyInterested the Trooper (level 7, -10/57 (60) HPs)
             Began as a Demonspawn Wanderer on Oct 25, 2022.
             Mangled by a red devil
             ... wielding a +0 trident
             ... summoned by a kobold demonologist
              (14 damage)
             ... on level 5 of the Dungeon.
             The game lasted 00:15:43 (3641 turns).

IdlyInterested the Trooper (Demonspawn Wanderer)    Turns: 3641, Time: 00:15:45

HP:   -10/57 (60)   AC: 15    Str: 16    XL:     7   Next: 77%
MP:   8/8           EV:  7    Int: 12    God:
Gold: 245           SH:  0    Dex: 12    Spells: 8/8 levels left

rFire   . . .      SeeInvis .    i - +0 great mace (venom)
rCold   . . .      Faith    .    (shield currently unavailable)
rNeg    + . .      Spirit   .    e - +1 chain mail
rPois   .          Reflect  .    (helmet restricted)
rElec   .          Harm     .    (no cloak)
rCorr   .          Rampage  .    (no gloves)
Will    .....                    h - +1 pair of boots {Fly}
Stlth   ..........               (no amulet)
HPRegen 1.09/turn                f - ring of positive energy
MPRegen 0.11/turn                (no ring)

@: spiked, flying, drained
A: antennae 1, thin metallic scales 2, demonic guardian 1, passive freeze,
regeneration 1
a: no special abilities


You were on level 5 of the Dungeon.
You visited 1 branch of the dungeon, and saw 5 of its levels.

You collected 245 gold pieces.

Inventory:

Hand Weapons
 i - a +0 great mace of venom (weapon)
 k - a +0 mace
Missiles
 n - 7 poisoned darts (quivered)
Armour
 e - a +1 chain mail (worn)
 h - a +1 pair of boots of flying (worn)
Jewellery
 a - a ring of ice
 f - a ring of positive energy (left hand)
Scrolls
 c - 2 scrolls of butterflies
 l - a scroll of blinking
Potions
 b - a potion of curing
 d - 2 potions of lignification
 g - a potion of attraction {unknown}
 j - a potion of mutation
 p - a potion of flight


   Skills:
 * Level 7.5 Fighting
 - Level 2.0 Throwing
 + Level 4.7 Armour
 - Level 2.0 Dodging
 - Level 1.0 Stealth
 - Level 2.6 Unarmed Combat
 - Level 1.0 Spellcasting
 - Level 2.0 Evocations


You had 8 spell levels left.
You didn't know any spells.
Your spell library contained the following spells:

 Spells                   Type           Power      Damage    Failure   Level
 Necrotise                Necr           0%         1d4       99%         1
 Kindle Blastsparks       Fire/Tloc/Air  0%         2d10      100%        3
 Vampiric Draining        Necr           0%         2d6       100%        3
 Fulminant Prism          Conj/Hex       0%         3d6       100%        4
 Iskenderun's Mystic Bla  Conj/Tloc      0%         2d3       100%        4
 Agony                    Necr           0%         N/A       100%        5
 Lee's Rapid Deconstruct  Erth           0%         3d4*      100%        5


Dungeon Overview and Level Annotations

Branches:
Dungeon (5/15)
 Temple: D:4-7

Altars:
Ashenzari
Fedhas
Hepliaklqana
Makhleb
Okawaru
Trog
Yredelemnul


Innate Abilities, Weirdness & Mutations

You have a pair of small antennae on your head.
You are mostly covered in thin metallic scales. (AC +3)
A weak demonic guardian rushes to your aid.
A frigid envelope surrounds you and freezes all who hurt you.
Your natural rate of healing is unusually fast.


Message History

The quasit resists.
The quasit is very cold.
You kill the quasit!
The quasit disappears in a puff of smoke!
Your shadow imp closely misses the soul eater.
The kobold demonologist hits you but does no damage.
The kobold demonologist is very cold.
The kobold demonologist is heavily wounded.
The soul eater barely misses you. The ufetubus hits your shadow imp. x2
You closely miss the kobold demonologist.
The kobold demonologist is heavily wounded.
The ufetubus hits your shadow imp.
Your shadow imp dies!
Your shadow imp disappears in a puff of smoke!
The white imp hits you but does no damage.
The white imp completely resists.
The red devil hits you from afar with a +0 trident!
* * * LOW HITPOINT WARNING * * *
Barbed spikes become lodged in your body.
The kobold demonologist hits you but does no damage.
The kobold demonologist is very cold.
The kobold demonologist is heavily wounded.
The soul eater draws from the surrounding life force!
The red devil hits you from afar with a +0 trident!
* * * LOW HITPOINT WARNING * * *
Barbed spikes become lodged in your body.
The white imp gestures at you.
The puff of frost hits you but does no damage.
You feel better.
The kobold demonologist hits you with a +0 dagger.
* * * LOW HITPOINT WARNING * * *
The kobold demonologist is very cold.
The kobold demonologist is severely wounded.
The soul eater hits you!
* * * LOW HITPOINT WARNING * * *
You partially resist.
You feel drained.
* * * LOW HITPOINT WARNING * * *
The soul eater resists.
The soul eater is very cold.
The soul eater is lightly wounded.
The red devil hits you from afar with a +0 trident!
You die...

#. .. .# ##. .##.#
.. ....# #. .#..#
#.#.#..# #
#......# #.##5##.#
#.43K5..# .#
####@#### .#
#=######.##
#ยงยง.......# ..
#.......>.####.#
#.......?....$.#
#..(...........#
#$..(..........##.
#................
#....(.........#


You could see a soul eater (summoned), a kobold demonologist, a red devil
(summoned), a white imp (summoned) and an ufetubus (summoned).

Vanquished Creatures
  A black bear (D:5)
  A sky beast (D:4)
  A scorpion (D:4)
  A necrophage (D:4)
  A wight (D:4)
  A centaur zombie (D:4)
  2 hounds
  A human zombie (D:4)
  An orc priest (D:4)
  2 iguanas
  An orc wizard (D:4)
  2 hound zombies (D:4)
  A mummy (D:4)
  4 gnolls (D:3)
  6 adders
  An ufetubus (D:4)
  3 adder zombies (D:4)
  A worm (D:5)
  A dart slug (D:1)
  11 orcs
  3 ball pythons
  4 endoplasms
  A giant cockroach (D:1)
  3 goblins (D:1)
  8 hobgoblins
  10 jackals
  3 quokkas
  2 bats
  3 frilled lizards
  8 kobolds
  2 rats (D:1)
90 creatures vanquished.

Vanquished Creatures (collateral kills)
  A water moccasin zombie (D:4)
  An adder zombie (D:4)
2 creatures vanquished.

Grand Total: 92 creatures vanquished

Notes
Turn   | Place    | Note
-------+----------+-------------------------------------------
     0 | D:1      | IdlyInterested the Demonspawn Wanderer began the quest for
                  | the Orb.
     0 | D:1      | IdlyInterested set off with the following items: a +0 club,
                  | a potion of curing, a scroll of butterflies, a potion of
                  | lignification, a +0 chain mail.
     0 | D:1      | Reached XP level 1. HP: 13/13 MP: 2/2
   118 | D:1      | Reached skill level 1 in Fighting
   118 | D:1      | Reached skill level 1 in Dodging
   118 | D:1      | Gained mutation: You are partially covered in thin metallic
                  | scales. (AC +2) [demonic ancestry]
   118 | D:1      | Reached XP level 2. HP: 20/21 MP: 3/3
  1115 | D:2      | Found a faded altar of an unknown god.
  1194 | D:2      | Reached skill level 2 in Fighting
  1194 | D:2      | Reached XP level 3. HP: 27/27 MP: 4/4
  1793 | D:3      | Found an iron altar of Okawaru.
  1818 | D:3      | Reached skill level 3 in Fighting
  1818 | D:3      | Reached XP level 4. HP: 22/35 MP: 5/5
  1971 | D:3      | Gained mutation: A frigid envelope surrounds you and
                  | freezes all who hurt you. [potion of mutation]
  1971 | D:3      | Gained mutation: Your natural rate of healing is unusually
                  | fast. [potion of mutation]
  2064 | D:3      | Reached skill level 1 in Evocations
  2257 | D:3      | Found a broken altar of Ashenzari.
  2308 | D:3      | Identified the +2 helmet of Parts Unknown {*Corrode rN+
                  | Str+2 SInv}
  2315 | D:3      | Gained mutation: A weak demonic guardian rushes to your
                  | aid. [demonic ancestry]
  2315 | D:3      | Reached XP level 5. HP: 42/42 MP: 6/6
  2324 | D:3      | Reached skill level 4 in Fighting
  2587 | D:4      | Noticed a sky beast
  2591 | D:4      | Killed a sky beast
  2592 | D:4      | Gained mutation: You are mostly covered in thin metallic
                  | scales. (AC +3) [demonic ancestry]
  2592 | D:4      | Reached XP level 6. HP: 44/50 MP: 7/7
  2698 | D:4      | Found a blossoming altar of Fedhas.
  2715 | D:4      | Reached skill level 5 in Fighting
  2850 | D:4      | Found a bloodstained altar of Trog.
  2857 | D:4      | Found a burning altar of Makhleb.
  2922 | D:4      | Reached skill level 1 in Throwing
  2952 | D:4      | Reached skill level 6 in Fighting
  2956 | D:4      | Gained mutation: You have a pair of small antennae on your
                  | head. [demonic ancestry]
  2956 | D:4      | Reached XP level 7. HP: 58/58 MP: 8/8
  2980 | D:4      | Found a basalt altar of Yredelemnul.
  3322 | D:4      | Reached skill level 7 in Fighting
  3351 | D:4      | Found a hazy altar of Hepliaklqana.
  3428 | D:5      | Entered Level 5 of the Dungeon
  3500 | D:5      | Noticed a kobold demonologist
  3507 | D:5      | Noticed a ynoxinul
  3507 | D:5      | Noticed an orange demon
  3508 | D:5      | Noticed a chaos spawn
  3635 | D:5      | Noticed a soul eater
  3638 | D:5      | Noticed a red devil
  3641 | D:5      | Mangled by a red devil

Illustrated notes

Levels and vault maps discovered:
D:1:      saegor_arrival_simple_c, layout_basic, chequers_avenue,
          kennysheep_nondescript
D:2:      layout_basic, shapermc_ecumenical_altar_mp_highgroup
D:3:      layout_basic, ashenzari_altar_1, okawaru_metal_pillars_1_2
D:4:      layout_basic, lemuel_mausoleum_altar_yredelemnul,
          nicolae_hepliaklqana_hippocampus, minmay_overflow_temple_star_quad,
          nicolae_overflow_crystal_walls, st_stairs_12
D:5:      layout_loops_cross, general_overflow_altar,
          minmay_temple_entry_overgrown

Skill      XL: |  1  2  3  4  5  6  7 |
---------------+----------------------+-----
Fighting       | 1 2 3 4 6 7 |  7.5
Dodging        | 1 2 |  2.0
Evocations     | 1 2 |  2.0
Throwing       | 1 2 |  2.0
Armour         | |  4.7
Stealth        | |  1.0
Unarmed Combat | |  2.6
Spellcasting   | |  1.0

Action                   |  1- 3 |  4- 6 |  7- 9 || total
-------------------------+-------+-------+-------++-------
Melee: Club              |    64 |       |       ||    64
       Great mace        |    71 |    71 |    60 ||   202
Throw: Dart              |       |       |     4 ||     4
  Use: Scroll            |     5 |     4 |       ||     9
       Potion            |     2 |     1 |     4 ||     7
Armor: Chain mail        |   152 |    83 |    95 ||   330
Dodge: Dodged            |    83 |    36 |    28 ||   147

Table legend: (Time is in decaauts)
 A = Elapsed time spent in this place.
 B = Non-inter-level travel time spent in this place.
 C = Inter-level travel time spent in this place.
 D = Time resting spent in this place.
 E = Time spent auto-exploring this place.
 F = Levels seen in this place.
 G = Mean time per level.
                   A        B        C        D        E       F      G
               +--------+--------+--------+--------+--------+-----+--------+
         Total |   3802 |   3084 |    718 |     90 |   1963 |   5 |  760.4 |
       Dungeon |   3802 |   3084 |    718 |     90 |   1963 |   5 |  760.4 |
               +--------+--------+--------+--------+--------+-----+--------+

Top non-repeatable levels by time:
     D:1: 1130 daAuts
     D:4: 920 daAuts
     D:2: 821 daAuts
     D:3: 781 daAuts
     D:5: 148 daAuts
